 Dungeon Crawl Stone Soup version 0.21-a0-538-gd16b88a (webtiles) character file.

707 tidbits the Digger (level 7, -2/51 HPs)
             Began as a Gnoll Earth Elementalist on Dec 16, 2017.
             Killed by divine providence
             ... invoked by an orc priest
              (9 damage)
             ... on level 5 of the Dungeon.
             The game lasted 00:11:04 (1007 turns).

tidbits the Digger (Gnoll Earth Elementalist)       Turns: 1007, Time: 00:11:05

Health: -2/51      AC:  2    Str: 10    XL:     7   Next: 67%
Magic:  13/15      EV: 15    Int: 19    God:
Gold:   53         SH:  0    Dex: 16    Spells: 11/17 levels left

rFire    . . .     SeeInvis .   a - +3 whip
rCold    . . .     Gourm    .   (no shield)
rNeg     . . .     Faith    .   c - +0 robe
rPois    .         Spirit   .   (no helmet)
rElec    .         Reflect  .   (no cloak)
rCorr    .         Harm     .   (no gloves)
MR       .....                  (no boots)
Stlth    +++.......             (no amulet)
HPRegen  0.17/turn              Y - +3 ring of slaying
MPRegen  0.14/turn              (no ring)

@: no status effects
A: distributed training, fangs 1, strong nose
a: no special abilities


You were on level 5 of the Dungeon.
You were not hungry.

You visited 1 branch of the dungeon, and saw 5 of its levels.

You collected 53 gold pieces.

Inventory:

Hand Weapons
 a - a +3 whip (weapon)
 b - a +0 short sword
 l - a +0 hunting sling
 w - a +0 rapier
 x - a +0 scythe
Missiles
 g - 33 arrows
 k - a throwing net {!f}
 n - 5 stones (quivered)
 u - 6 curare-tipped needles
Armour
 c - a +0 robe (worn)
 s - a +3 chain mail of poison resistance
   (You took it off Terence on level 2 of the Dungeon)
Jewellery
 Y - a +3 ring of slaying (left hand)
   (You found it on level 2 of the Dungeon)
Wands
 v - a wand of scattershot (1)
Scrolls
 h - 2 scrolls of amnesia
 j - a scroll of identify {unknown}
 m - a scroll of blinking {unknown}
 q - a scroll of enchant weapon {unknown}
 r - 2 scrolls of remove curse
 y - a scroll of teleportation {unknown}
Potions
 i - a potion of might
 p - 2 potions of flight {unknown}
 z - a potion of resistance {unknown}
Books
 e - a book of Geomancy

   Spells                             Type                      Level
   a - Sandblast                      Earth                        1
   b - Passwall                       Transmutation/Earth          2
   c - Stone Arrow                    Conjuration/Earth            3
   d - Petrify                        Transmutation/Earth          4
   e - Lee's Rapid Deconstruction     Earth                        5
Comestibles
 d - a bread ration
 f - 3 meat rations
 o - 2 royal jellies
 t - 2 fruits


   Skills:
 + Level 2.6 Fighting
 + Level 2.6 Short Blades
 + Level 2.6 Long Blades
 + Level 2.6 Axes
 + Level 2.6 Maces & Flails
 + Level 2.6 Polearms
 + Level 2.6 Staves
 + Level 2.6 Slings
 + Level 2.6 Bows
 + Level 2.6 Crossbows
 + Level 2.6 Throwing
 + Level 2.6 Armour
 + Level 5.3 Dodging
 + Level 5.0 Stealth
 + Level 2.6 Shields
 + Level 2.6 Unarmed Combat
 + Level 5.6 Spellcasting
 + Level 2.1 Conjurations
 + Level 2.1 Hexes
 + Level 2.1 Charms
 + Level 2.1 Summonings
 + Level 2.1 Necromancy
 + Level 2.1 Translocations
 + Level 3.0 Transmutations
 + Level 2.1 Fire Magic
 + Level 2.1 Ice Magic
 + Level 2.1 Air Magic
 + Level 5.9 Earth Magic
 + Level 2.1 Poison Magic
 + Level 2.9 Invocations
 + Level 2.6 Evocations


You had 11 spell levels left.
You knew the following spells:

 Your Spells              Type           Power        Failure   Level  Hunger
a - Sandblast             Erth           ####..       1%          1    None
t - Stone Arrow           Conj/Erth      ###...       7%          3    ##.....
w - Passwall              Tmut/Erth      ###.......   2%          2    None


Dungeon Overview and Level Annotations

Branches:
Dungeon (5/15)
 Temple: D:4-7

Altars:
Gozag
Uskayaw

Annotations:
D:4 tidbits's ghost, weakling GnEE


Innate Abilities, Weirdness & Mutations

Your experience applies equally to all skills.
You have very sharp teeth.
Your uncanny sense of smell can sniff out nearby items.


Message History

Confirm with . or Enter, or press ? or * to list all spells.
Aiming: Sandblast
Press: ? - help, Shift-Dir - straight line, f - worm
Aim: a worm (resting)
The blast of sand hits the worm.
The worm is heavily wounded.
n - 11 stones
Casting: Sandblast
Confirm with . or Enter, or press ? or * to list all spells.
Aiming: Sandblast
Press: ? - help, Shift-Dir - straight line, f/p - worm
Aim: a worm (moderately wounded)
The blast of sand hits the worm.
The worm is severely wounded.
n - 10 stones
Casting: Sandblast
Confirm with . or Enter, or press ? or * to list all spells.
Aiming: Sandblast
Press: ? - help, Shift-Dir - straight line, f/p - worm
Aim: a worm (severely wounded)
The blast of sand hits the worm.
You kill the worm!
n - 9 stones As you open the door, it creaks loudly!
A scorpion comes into view.
Found a royal jelly.
There is an open door here.
Casting: Sandblast
Confirm with . or Enter, or press ? or * to list all spells.
Aiming: Sandblast
Press: ? - help, Shift-Dir - straight line, f - scorpion
Aim: a scorpion The blast of sand hits the scorpion.
The scorpion is moderately wounded.
n - 8 stones
Casting: Sandblast
Confirm with . or Enter, or press ? or * to list all spells.
Aiming: Sandblast
Press: ? - help, Shift-Dir - straight line, f/p - scorpion
Aim: a scorpion (moderately wounded)
The blast of sand hits the scorpion.
The scorpion is moderately wounded.
n - 7 stones The scorpion stings you.
Casting: Sandblast
Confirm with . or Enter, or press ? or * to list all spells.
Aiming: Sandblast
Press: ? - help, Shift-Dir - straight line, f/p - scorpion
Aim: a scorpion (moderately wounded)
The blast of sand hits the scorpion.
The scorpion is heavily wounded.
n - 6 stones The scorpion stings you but does no damage.
Casting: Sandblast
Confirm with . or Enter, or press ? or * to list all spells.
Aiming: Sandblast
Press: ? - help, Shift-Dir - straight line, f/p - scorpion
Aim: a scorpion (heavily wounded)
The blast of sand hits the scorpion.
You kill the scorpion!
Your Stealth skill increases to level 5!
n - 5 stones Autopickup is now off.
You see here a royal jelly.
You eat the royal jelly.
That royal jelly was delicious!
You open the door.
Found a stone staircase leading down.
Found a blue potion.
There is an open door here.
A howler monkey comes into view.
An orc and an orc wizard come into view.
The orc wizard shouts!
The orc shouts!
You hear a shout! x2
The orc wizard points at you and mumbles some strange words.
The magic dart hits you!
Found 17 gold pieces.
Found a scroll labeled RIOTTOIDWU.
An orc priest comes into view. It is wielding a club.
An orc priest and an orc wizard come into view.
You see here a blue potion.
z - a blue potion The orc priest calls down the wrath of Beogh upon you.
Beogh smites you!
* * * LOW HITPOINT WARNING * * *
The orc wizard mumbles some strange words.
The orc wizard blinks!
The howler monkey hoots and howls with incredible vigour!
You hear a shout! x2; The orc wizard shouts!
You hear a bark!
You hear a shout! x2
You hear a bark!
Okay, then.
Okay, then.
The orc priest looks encouraged for a moment.
The howler monkey hoots and howls with incredible vigour!
You hear an angry hiss. x2; You hear a shout!
The orc priest mumbles some strange prayers to Beogh against you.
Beogh smites you!
* * * LOW HITPOINT WARNING * * *
There is a stone staircase leading down here.
The orc priest calls down the wrath of Beogh upon you.
Beogh smites you!
You die...

............#.........
.#######ooo.#.....##..
#....#.....##....#
#....'.....##....#
###....#.....##....#
#...h..#.....##....#
#...o..#'######....#
#......#...........#
#...@..#.....##....#
#......#.....##<...##
#......#.....##.....#
#......#......'....##
#......+.....#######
#......#.....#
.......#######
........#


You could see a howler monkey, 2 orc priests, an orc wizard and an orc.

Vanquished Creatures
  Eustachio (D:4)
  Sigmund (D:4)
  A big kobold (D:4)
  A scorpion (D:5)
  2 orc wizards (D:4)
  Terence (D:2)
  2 worker ants (D:4)
  4 gnolls (D:2)
  5 adders (D:2)
  A shadow imp (D:4)
  3 worms
  2 dart slugs
  2 leopard geckos
  An orc (D:4)
  2 giant cockroaches (D:2)
  4 goblins
  2 hobgoblins
  3 kobolds
  3 quokkas
  8 bats
  A frilled lizard (D:4)
  6 rats
56 creatures vanquished.

Notes
Turn   | Place    | Note
-------+----------+-------------------------------------------
     0 | D:1      | tidbits the Gnoll Earth Elementalist began the quest for the Orb.
     0 | D:1      | Reached XP level 1. HP: 13/13 MP: 6/6
    15 | D:1      | Reached skill level 2 in Transmutations
    33 | D:1      | Reached XP level 2. HP: 19/19 MP: 4/7
    37 | D:1      | Learned a level 2 spell: Passwall
   122 | D:2      | Noticed Terence
   257 | D:2      | Reached skill level 5 in Spellcasting
   257 | D:2      | Reached XP level 3. HP: 23/25 MP: 5/9
   283 | D:2      | Reached skill level 1 in Invocations
   284 | D:2      | Reached skill level 1 in Fighting
   284 | D:2      | Reached skill level 1 in Short Blades
   284 | D:2      | Reached skill level 1 in Long Blades
   284 | D:2      | Reached skill level 1 in Axes
   284 | D:2      | Reached skill level 1 in Maces & Flails
   284 | D:2      | Reached skill level 1 in Polearms
   284 | D:2      | Reached skill level 1 in Staves
   284 | D:2      | Reached skill level 1 in Slings
   284 | D:2      | Reached skill level 1 in Bows
   284 | D:2      | Reached skill level 1 in Crossbows
   284 | D:2      | Reached skill level 1 in Throwing
   284 | D:2      | Reached skill level 1 in Armour
   284 | D:2      | Reached skill level 1 in Shields
   284 | D:2      | Reached skill level 1 in Unarmed Combat
   284 | D:2      | Reached skill level 1 in Evocations
   284 | D:2      | Reached XP level 4. HP: 32/32 MP: 1/11
   390 | D:2      | Found a hide-covered altar of Uskayaw.
   465 | D:2      | Found an opulent altar of Gozag.
   479 | D:2      | Killed Terence
   479 | D:2      | Reached skill level 1 in Conjurations
   479 | D:2      | Reached skill level 1 in Hexes
   479 | D:2      | Reached skill level 1 in Charms
   479 | D:2      | Reached skill level 1 in Summonings
   479 | D:2      | Reached skill level 1 in Necromancy
   479 | D:2      | Reached skill level 1 in Translocations
   479 | D:2      | Reached skill level 1 in Fire Magic
   479 | D:2      | Reached skill level 1 in Ice Magic
   479 | D:2      | Reached skill level 1 in Air Magic
   479 | D:2      | Reached skill level 1 in Poison Magic
   496 | D:2      | Reached XP level 5. HP: 13/37 MP: 9/12
   748 | D:4      | Noticed an ogre
   778 | D:4      | Noticed Eustachio
   785 | D:4      | Learned a level 3 spell: Stone Arrow
   786 | D:4      | Killed Eustachio
   786 | D:4      | Reached skill level 5 in Dodging
   786 | D:4      | Reached skill level 2 in Invocations
   786 | D:4      | Reached XP level 6. HP: 38/44 MP: 12/14
   791 | D:4      | Noticed Sigmund
   799 | D:4      | Reached skill level 2 in Fighting
   799 | D:4      | Reached skill level 2 in Short Blades
   799 | D:4      | Reached skill level 2 in Long Blades
   799 | D:4      | Reached skill level 2 in Axes
   799 | D:4      | Reached skill level 2 in Maces & Flails
   799 | D:4      | Reached skill level 2 in Polearms
   799 | D:4      | Reached skill level 2 in Staves
   799 | D:4      | Reached skill level 2 in Slings
   799 | D:4      | Reached skill level 2 in Bows
   799 | D:4      | Reached skill level 2 in Crossbows
   799 | D:4      | Reached skill level 2 in Throwing
   799 | D:4      | Reached skill level 2 in Armour
   799 | D:4      | Reached skill level 2 in Shields
   799 | D:4      | Reached skill level 2 in Unarmed Combat
   799 | D:4      | Reached skill level 2 in Evocations
   816 | D:4      | Killed Sigmund
   816 | D:4      | Reached XP level 7. HP: 33/50 MP: 10/15
   884 | D:4      | Reached skill level 2 in Conjurations
   884 | D:4      | Reached skill level 2 in Hexes
   884 | D:4      | Reached skill level 2 in Charms
   884 | D:4      | Reached skill level 2 in Summonings
   884 | D:4      | Reached skill level 2 in Necromancy
   884 | D:4      | Reached skill level 2 in Translocations
   884 | D:4      | Reached skill level 2 in Fire Magic
   884 | D:4      | Reached skill level 2 in Ice Magic
   884 | D:4      | Reached skill level 2 in Air Magic
   884 | D:4      | Reached skill level 2 in Poison Magic
   924 | D:4      | Reached skill level 3 in Transmutations
   950 | D:5      | Entered Level 5 of the Dungeon
   957 | D:4      | Noticed tidbits's ghost (weakling GnEE)
   982 | D:5      | Reached skill level 5 in Stealth
  1007 | D:5      | Killed from afar by an orc priest

Vault maps used:
D:1:      dpeg_arrival_simpleton_c
D:2:      wad_crossroads, marbit_many_paths, old_standard_altar, uniq_robin,
          uniq_terence
D:3:      kennysheep_slug_shrine, feat_on_display
D:4:      kennysheep_mini_moat, first_bread, minmay_item_behind_shaft,
          minivault_25, hangedman_abyss_or_decor_stagger, uniq_grinder,
          uniq_sigmund, uniq_eustachio

Skill      XL: |  1  2  3  4  5  6  7 |
---------------+----------------------+-----
Transmutations | 2 3 |  3.0
Spellcasting   | 5 |  5.6
Invocations    | 1 2 |  2.9
Fighting       | 1 2 |  2.6
Short Blades   | 1 2 |  2.6
Long Blades    | 1 2 |  2.6
Axes           | 1 2 |  2.6
Maces & Flails | 1 2 |  2.6
Polearms       | 1 2 |  2.6
Staves         | 1 2 |  2.6
Slings         | 1 2 |  2.6
Bows           | 1 2 |  2.6
Crossbows      | 1 2 |  2.6
Throwing       | 1 2 |  2.6
Armour         | 1 2 |  2.6
Shields        | 1 2 |  2.6
Unarmed Combat | 1 2 |  2.6
Evocations     | 1 2 |  2.6
Conjurations   | 1 2 |  2.1
Hexes          | 1 2 |  2.1
Charms         | 1 2 |  2.1
Summonings     | 1 2 |  2.1
Necromancy     | 1 2 |  2.1
Translocations | 1 2 |  2.1
Fire Magic     | 1 2 |  2.1
Ice Magic      | 1 2 |  2.1
Air Magic      | 1 2 |  2.1
Poison Magic   | 1 2 |  2.1
Dodging        | 5 |  5.3
Stealth        | 5 |  5.0
Earth Magic    | |  5.9

Action                   |  1- 3 |  4- 6 |  7- 9 || total
-------------------------+-------+-------+-------++-------
Melee: Short sword       |    16 |     2 |     1 ||    19
       Whip              |       |    34 |    11 ||    45
       Bite              |       |     4 |     1 ||     5
Throw: Stone             |       |     1 |       ||     1
       Throwing net      |       |     1 |       ||     1
 Cast: Sandblast         |    27 |    15 |    15 ||    57
       Passwall          |     1 |     6 |       ||     7
       Stone Arrow       |       |     2 |       ||     2
Evoke: Wand              |       |     1 |     1 ||     2
  Use: Scroll            |       |     1 |     1 ||     2
       Potion            |       |     1 |       ||     1
 Stab: Sleeping          |       |     3 |     1 ||     4
  Eat: Royal jelly       |       |       |     1 ||     1
Armor: Robe              |     3 |     8 |     2 ||    13
Dodge: Dodged            |    14 |    30 |     7 ||    51

Table legend:
 A = Spawn XP
 B = Non-spawn XP
 C = Spawn XP percentage of total XP
 D = Spawn monster count
 E = Non-spawn monster count
 F = Spawn count percentage of total count
 G = Total turns spent on level
                    A         B        C        D         E        F      G
               +---------+---------+-------+---------+---------+-------+---------
         Total |       0 |    1011 |   0.0 |       0 |      56 |   0.0 |  1007
               +---------+---------+-------+---------+---------+-------+---------
           D:1 |       0 |      20 |   0.0 |       0 |      13 |   0.0 |   144
           D:2 |       0 |     196 |   0.0 |       0 |      28 |   0.0 |   570
           D:4 |       0 |     721 |   0.0 |       0 |      13 |   0.0 |   214
           D:5 |       0 |      74 |   0.0 |       0 |       2 |   0.0 |    45
               +---------+---------+-------+---------+---------+-------+---------

Table legend:
 A = Turns spent in this place as a percentage of turns spent in the entire game.
 B = Non-inter-level travel turns spent in this place as a percentage of non-inter-level travel turns spent in the entire game.
 C = Inter-level travel turns spent in this place as a percentage of turns spent in this place.
 D = Turns resting spent in this place as a percentage of non-inter-level travel turns spent in this place.
 E = Turns spent auto-exploring this place as a percentage of non-inter-level travel turns spent in this place.
 F = Non-inter-level travel turns spent in this place divided by the number of levels of this place that you've seen.
                   A       B       C       D       E      F
               +-------+-------+-------+-------+-------+----------------------
         Total | 100.0 | 100.0 |   0.0 |   0.0 |   0.0 | 201.4
       Dungeon | 100.0 | 100.0 |   0.0 |   0.0 |   0.0 | 201.4
               +-------+-------+-------+-------+-------+----------------------

Table legend:
 A = Kills in this place as a percentage of kills in entire the game.
 B = Kills by you in this place as a percentage of kills by you in the entire game.
 C = Kills by friends in this place as a percentage of kills by friends in the entire game.
 D = Other kills in this place as a percentage of other kills in the entire game.
 E = Experience gained in this place as a percentage of experience gained in the entire game.
 F = Experience gained in this place divided by the number of levels of this place that you have seen.
                   A       B       C       D       E      F
               +-------+-------+-------+-------+-------+----------------------
         Total | 100.0 | 100.0 |   N/A |   N/A | 100.0 | 202.2
       Dungeon | 100.0 | 100.0 |   N/A |   N/A | 100.0 | 202.2
               +-------+-------+-------+-------+-------+----------------------

Vault maps used:
D:1:      dpeg_arrival_simpleton_c
D:2:      wad_crossroads, marbit_many_paths, old_standard_altar, uniq_robin,
          uniq_terence
D:3:      kennysheep_slug_shrine, feat_on_display
D:4:      kennysheep_mini_moat, first_bread, minmay_item_behind_shaft,
          minivault_25, hangedman_abyss_or_decor_stagger, uniq_grinder,
          uniq_sigmund, uniq_eustachio
